 Dungeon Crawl Stone Soup version 0.26-a0-1184-g95e395e029 (webtiles) character file.

Game seed: 2830626110394441792

86 sanka the Chopper (level 4, -1/40 HPs)
             Began as a Ghoul Monk on Dec 27, 2020.
             Slain by a gnoll
             ... wielding a +0 whip
              (5 damage)
             ... on level 2 of the Dungeon.
             The game lasted 00:02:43 (1857 turns).

sanka the Chopper (Ghoul Monk)                      Turns: 1857, Time: 00:02:44

Health: -1/40      AC:  8    Str: 15    XL:     4   Next: 49%
Magic:  3/3        EV:  7    Int:  5    God:
Gold:   123        SH:  0    Dex: 11    Spells: 3/3 levels left

rFire    . . .     SeeInvis .   a - +0 hand axe
rCold    + . .     Faith    .   (no shield)
rNeg     + + +     Spirit   .   h - +0 chain mail
rPois    ∞         Reflect  .   (no helmet)
rElec    .         Harm     .   (no cloak)
rCorr    .         Rampage  .   (no gloves)
Will     .....                  (no boots)
Stlth    ..........             (no amulet)
HPRegen  0.00/turn              (no ring)
MPRegen  0.08/turn              (no ring)

@: no status effects
A: claws 1, cold resistance 1, negative energy resistance 3, inhibited
regeneration, torment resistance, unbreathing
a: no special abilities


You were on level 2 of the Dungeon.
You visited 1 branch of the dungeon, and saw 3 of its levels.

You collected 123 gold pieces.


Innate Abilities, Weirdness & Mutations

You thrive by killing the living.
You are immune to poison.
You have sharp fingernails.
Your flesh is cold resistant. (rC+)
You are immune to negative energy. (rN+++)
You do not regenerate when monsters are visible.
You are immune to unholy pain and torment.
You can survive without breathing.


   Skills:
 - Level 4.0 Fighting
 + Level 4.3 Axes
 - Level 2.6 Dodging
 - Level 2.1 Stealth


You had 3 spell levels left.
You didn't know any spells.
Your spell library was empty.

Inventory:

Hand Weapons
 a - a +0 hand axe (weapon)
 i - a +3 dagger of venom
Missiles
 p - 3 javelins (quivered)
Armour
 b - a +0 robe
 h - a +0 chain mail (worn)
Wands
 m - a wand of digging (5)
Scrolls
 c - 2 scrolls of identify {unknown}
 f - 3 scrolls of teleportation {unknown}
 g - 2 scrolls of enchant weapon {unknown}
 l - a scroll of enchant armour {unknown}
 o - a scroll of noise {unknown}
Potions
 d - a potion of lignification {unknown}
 e - a potion of curing {unknown}
 j - a potion of cancellation {unknown}
 k - a potion of ambrosia {unknown}
 n - a potion of brilliance {unknown}

Dungeon Overview and Level Annotations

Branches:
Dungeon (3/15)

Altars:
Hepliaklqana
Xom

▒▒▒▒ ▒).▒ ▒.▒ ▒..▒ ▒▒▒.▒▒▒▒▒▒
▒..▒▒▒▒▒▒▒.........
▒.)▒............▒▒▒
▒..▒.▒▒▒▒▒.▒.▒▒.▒▒
▒▒▒▒▒▒▒▒▒▒▒▒▒▒▒..▒.▒ ▒▒.▒.....▒▒
▒................▒.▒ ▒.........)
▒.▒▒▒▒▒▒▒▒▒▒▒▒▒<▒▒.▒▒▒▒..▒▒▒▒..▒▒
▒.▒ ▒.ng.......▒ ▒..▒ ▒.▒
▒▒▒▒.▒▒▒▒▒.▒▒▒▒..▒▒ ▒.▒▒▒▒▒▒▒▒▒▒▒
▒.........>..... ........(...▒
▒▒▒▒▒▒▒▒▒▒▒▒▒.▒▒ ▒▒▒▒▒.▒▒▒▒▒.▒
▒.▒ ▒.▒ ▒.▒ ▒.▒ ▒.▒ ▒.▒ ▒.▒ ▒.▒
▒.▒ ▒.▒ ▒.▒ ▒.▒ ▒▒▒▒▒▒▒▒▒▒▒▒▒.▒


You could see a gnoll.


Message History

The gnoll is heavily wounded.
You hit the gnoll. The gnoll hits you but does no damage.
The gnoll barely misses you. The gnoll hits you but does no damage.
You hit the gnoll.
The gnoll is almost dead.
You hit the gnoll.
The gnoll hits you from afar with a +0 spear.
* * * LOW HITPOINT WARNING * * *
The gnoll hits you but does no damage. The gnoll hits you with a +0 halberd.
* * * LOW HITPOINT WARNING * * *
You slash the gnoll!
You kill the gnoll!
You hit the gnoll but do no damage. The gnoll barely misses you.
The gnoll barely misses you.
The gnoll hits you from afar with a +0 spear.
* * * LOW HITPOINT WARNING * * *
Unknown command.
There is a stone staircase leading up here.
The gnoll hits you with a +0 whip.
* * * LOW HITPOINT WARNING * * *
The gnoll hits you but does no damage.
You climb upwards.
There is a stone staircase leading down here.
Unknown command.
The gnoll hits you with a +0 whip.
You die...

Action                   |  1- 3 |  4- 6 || total
-------------------------+-------+-------++-------
Melee: Hand axe          |   131 |    38 ||   169
Armor: Chain mail        |    87 |    27 ||   114
       Robe              |     5 |       ||     5
Dodge: Dodged            |    62 |    19 ||    81

Levels and vault maps discovered:
D:1:      dpeg_arrival_round_c, layout_basic, chequers_serial_rivers_room_b
D:2:      layout_loops_ring, lemuel_doored_altar, nzn_hepliaklqana_mist_gate,
          chequers_ecumenical_altar_island, minmay_pentomino_x2, uniq_terence
D:3:      layout_loops_ring, nemelex_xobeh_ov_fountains_minmay,
          nicolae_dithmenos_shadow_blocks

Notes
Turn   | Place    | Note
-------+----------+-------------------------------------------
     0 | D:1      | sanka the Ghoul Monk began the quest for the Orb.
     0 | D:1      | Reached XP level 1. HP: 19/19 MP: 0/0
   416 | D:1      | Reached XP level 2. HP: 27/27 MP: 1/1
   421 | D:1      | Reached skill level 4 in Fighting
   651 | D:1      | Reached skill level 3 in Axes
   741 | D:2      | Reached XP level 3. HP: 23/33 MP: 2/2
   959 | D:2      | Found a faded altar of an unknown god.
  1031 | D:2      | Noticed Terence
  1082 | D:2      | Killed Terence
  1083 | D:2      | Reached skill level 4 in Axes
  1083 | D:2      | Reached XP level 4. HP: 23/40 MP: 3/3
  1425 | D:2      | Found a hazy altar of Hepliaklqana.
  1448 | D:2      | Found a shimmering altar of Xom.
  1845 | D:3      | HP: 4/40 [gnoll/+0 whip (3)]
  1857 | D:2      | Slain by a gnoll

Vanquished Creatures
  Terence (D:2)
  A gnoll (D:3)
  An adder (D:2)
  A worm (D:1)
  A dart slug (D:2)
  2 leopard geckos (D:1)
  3 bats
  2 giant cockroaches (D:1)
  2 hobgoblins (D:1)
  3 jackals (D:1)
  A quokka (D:2)
  4 goblins
  8 kobolds
  6 rats
36 creatures vanquished.
